 Dungeon Crawl Stone Soup version 0.24.0-28-g17ded55e90 (webtiles) character file.

Game seed: 14590147809417785205, levelgen mode: deterministic

422 McKennaii the Chopper (level 6, -6/48 HPs)
             Began as a Demonspawn Fighter on Nov 13, 2019.
             Engulfed by a cloud of flame (27 damage)
             ... on level 6 of the Dungeon.
             The game lasted 00:06:41 (3156 turns).

McKennaii the Chopper (Demonspawn Fighter)          Turns: 3156, Time: 00:06:43

Health: -6/48      AC: 15    Str: 18    XL:     6   Next: 63%
Magic:  6/6        EV:  5    Int:  9    God:
Gold:   143        SH:  9    Dex: 13    Spells: 5/5 levels left

rFire    . . .     SeeInvis .   o - +2 hand axe (flame)
rCold    . . .     Gourm    .   c - +0 shield
rNeg     . . .     Faith    .   a - +0 chain mail
rPois    .         Spirit   .   (helmet restricted)
rElec    .         Reflect  .   q - +0 cloak
rCorr    +         Harm     .   b - +0 pair of gloves
MR       .....                  (no boots)
Stlth    ..........             (no amulet)
HPRegen  0.16/turn              l - ring of stealth
MPRegen  0.10/turn              (no ring)

@: about to teleport
A: antennae 1, yellow scales 3
a: no special abilities


You were on level 6 of the Dungeon.
You were hungry.

You visited 1 branch of the dungeon, and saw 4 of its levels.

You collected 143 gold pieces.

Inventory:

Hand Weapons
 o - a +2 hand axe of flaming (weapon)
Armour
 a - a +0 chain mail (worn)
 b - a +0 pair of gloves (worn)
 c - a +0 shield (worn)
 q - a +0 cloak (worn)
Jewellery
 l - a ring of stealth (left hand)
 s - an uncursed ring of magical power {unknown}
Scrolls
 e - 6 scrolls of identify
 g - a scroll of fog {unknown}
 h - 2 scrolls of immolation
 i - a scroll of amnesia
 k - 4 scrolls of teleportation
 p - a scroll of enchant armour {unknown}
 u - a scroll of fear {unknown}
Potions
 d - a potion of might
 j - a potion of mutation
 m - a potion of haste
 n - a potion of heal wounds {unknown}
 r - a potion of resistance {unknown}
 t - a potion of flight {unknown}
Comestibles
 f - 5 rations
 v - 3 chunks of flesh


   Skills:
 + Level 3.9 Fighting
 + Level 4.3 Axes
 + Level 4.0 Armour
 + Level 0.8 Dodging
 + Level 0.4 Stealth
 + Level 3.7 Shields


You had 5 spell levels left.
You didn't know any spells.
Your spell library was empty.

Dungeon Overview and Level Annotations

Branches:
Dungeon (3/15)

Altars:
Ru


Innate Abilities, Weirdness & Mutations

You have a pair of small antennae on your head.
You are completely covered in yellow scales. (AC +4, rCorr)


Message History

As you read the scroll labeled EPSEET UGAPS, it crumbles to dust.
The creatures around you are filled with an inner flame!
It was a scroll of immolation.
As you read the scroll labeled CIBOB YWIHIB, it crumbles to dust.
It is a scroll of amnesia.
You feel forgetful for a moment.
As you read the scroll labeled TOPLUT BUHAETS, it crumbles to dust.
You feel strangely unstable.
It was a scroll of teleportation.
You hit the shadow imp. You burn the shadow imp.
The shadow imp is heavily wounded.
The shadow imp hits you but does no damage.
You block the shadow imp's attack.
You slash the shadow imp! You burn the shadow imp.
The shadow imp explodes!
The fiery explosion engulfs you!
The fiery explosion engulfs the black bear!!
The black bear is almost dead.
You are engulfed in blazing flames.
Ouch! That really hurt!
You die...

## ##...#
##. #..##
#.. ##...#
##.. ##.....
#...##
##.###.h
#...####.##
###
#......## #
######....##
#@§h......#
###########


You could see a black bear (inner flame).

Vanquished Creatures
  An ogre (D:6)
  A bullfrog (D:6)
  A scorpion (D:6)
  A crimson imp (D:6)
  2 orc wizards (D:3)
  A howler monkey zombie (D:3)
  3 adders
  A shadow imp (D:6)
  An ooze (D:2)
  4 worms
  2 dart slugs
  15 orcs
  5 bats
  2 giant cockroaches
  3 goblins
  7 hobgoblins
  3 jackals (D:3)
  9 kobolds
  2 quokkas (D:3)
  2 ball pythons
  2 rats
68 creatures vanquished.

Notes
Turn   | Place    | Note
-------+----------+-------------------------------------------
     0 | D:1      | McKennaii the Demonspawn Fighter began the quest for the
                  | Orb.
     0 | D:1      | Reached XP level 1. HP: 18/18 MP: 1/1
    89 | D:1      | Gained mutation: You have a pair of small antennae on your
                  | head. [demonic ancestry]
    89 | D:1      | Reached XP level 2. HP: 19/24 MP: 2/2
   910 | D:2      | Gained mutation: You are partially covered in yellow
                  | scales. (AC +2) [demonic ancestry]
   910 | D:2      | Reached XP level 3. HP: 25/29 MP: 3/3
   912 | D:2      | Found a sacrificial altar of Ru.
  1725 | D:3      | Reached XP level 4. HP: 23/35 MP: 4/4
  2481 | D:3      | Gained mutation: You are mostly covered in yellow scales.
                  | (AC +3) [demonic ancestry]
  2481 | D:3      | Reached XP level 5. HP: 36/41 MP: 5/5
  2938 | D:3      | You fall into a shaft and drop 3 floors!
  3005 | D:6      | Gained mutation: You are completely covered in yellow
                  | scales. (AC +4, rCorr) [demonic ancestry]
  3005 | D:6      | Reached XP level 6. HP: 38/48 MP: 6/6
  3156 | D:6      | Engulfed by a cloud of flame

Levels and vault maps discovered:
D:1:      lightli_arrival_statuegarden, layout_loops_ring, serial_forest,
          infiniplex_forest_end_1, infiniplex_forest_clump_large,
          infiniplex_forest_straight_3, infiniplex_forest_clump_small,
          infiniplex_forest_zigzag_2, infiniplex_forest_clump_medium,
          infiniplex_forest_straight_3, infiniplex_forest_corner_2
D:2:      layout_basic, hangedman_decor_clover_reticule,
          nicolae_ru_sacrificial_ziggurat
D:3:      layout_basic
D:6:      layout_layer_cave

Skill      XL: |  1  2  3  4  5  6 |
---------------+-------------------+-----
Shields        | 3 |  3.7
Armour         | 3 4 |  4.0
Axes           | 2 3 4 |  4.3
Fighting       | |  3.9
Dodging        | |  0.8
Stealth        | |  0.4

Action                   |  1- 3 |  4- 6 || total
-------------------------+-------+-------++-------
Melee: War axe           |   130 |    78 ||   208
       Hand axe          |       |    79 ||    79
  Use: Scroll            |     2 |     3 ||     5
       Potion            |       |     2 ||     2
 Stab: Sleeping          |       |     1 ||     1
  Eat: Chunk             |     3 |     4 ||     7
Armor: Scale mail        |    39 |    55 ||    94
       Chain mail        |       |    39 ||    39
Dodge: Dodged            |    29 |    36 ||    65
Block: Shield            |    46 |    81 ||   127
